[Event "Titled Tuesday Blitz May 23 Early 2023"]
[White "Necula, Iulian"]
[Black "Fernandez Garcia, Gumersindo"]
[WhiteFideId "1232380"]
[BlackFideId "24516740"]
[WhiteElo "1790"]
[BlackElo "2093"]
[Result "0-1"]
[Round "07"]
[TimeControl "180+2"]
[Date "2023.05.23"]
[WhiteClock "0:00:00"]
[BlackClock "0:01:44"]

1. d4 Nf6 2. Nc3 d5 3. Bf4 c6 4. e3 Bf5 5. Nf3 e6 6. a3 h6 7. Ne5 Nbd7 8. Bd3 Bxd3 9. cxd3 Nxe5 10. dxe5 Nd7 11. O-O Be7 12. h3 O-O 13. Qg4 Kh7 14. e4 d4 15. Ne2 c5 16. b4 b6 17. Rac1 Bg5 18. f3 Bxf4 19. Qxf4 Qg5 20. Qxg5 hxg5 21. bxc5 bxc5 22. f4 gxf4 23. Nxf4 Rfc8 24. Rb1 Rab8 25. Rxb8 Rxb8 26. Rc1 Rb3 27. a4 g5 28. Nh5 Rxd3 29. Nf6+ Nxf6 30. exf6 Rc3 31. Rb1 d3 32. Kf1 Rc2 33. Rd1 c4 34. e5 Kg6 35. g4 Rh2 36. Kg1 Re2 37. Kf1 Rxe5 38. Kf2 Re2+ 39. Kf3 Rh2 40. Kg3 Ra2 41. Kf3 d2 42. Ke2 c3 43. Kd3 Rxa4 44. Kxc3 Ra3+ 45. Kxd2 Rxh3 46. Rf1 Rg3 47. Ra1 Rxg4 48. Rxa7 Kxf6 49. Ke2 Rb4 50. Kf3 e5 51. Ra6+ Kf5 52. Ra7 Rb3+ 53. Kf2 f6 54. Ra4 e4 55. Rd4 Kf4 56. Ra4 f5 57. Rc4 g4 58. Ra4 Rb2+ 59. Kf1 Kf3 60. Ra3+ e3 61. Ra1 g3 62. Kg1 Rg2+ 63. Kf1 e2+ 0-1


[Site "https://www.chess.com"]

[Event "Titled Tuesday Blitz May 23 Early 2023"]
[White "Kriti Mayur Patel"]
[Black "zsizsi99"]
[WhiteFideId "35061780"]
[WhiteElo "1306"]
[BlackElo "2348"]
[Result "0-1"]
[Round "07"]
[TimeControl "180+2"]
[Date "2023.05.23"]
[WhiteClock "0:01:00"]
[BlackClock "0:00:14"]

1. e4 c5 2. d4 cxd4 3. c3 Nf6 4. e5 Nd5 5. Bc4 Nb6 6. Bb3 dxc3 7. Nxc3 Nc6 8. Nf3 d6 9. exd6 Qxd6 10. Qxd6 exd6 11. Nb5 Kd7 12. Bxf7 a6 13. Nbd4 Be7 14. O-O Bf6 15. Nf5 Rf8 16. Bb3 Kc7 17. Ne3 Bd7 18. Rd1 Na5 19. Nd5+ Nxd5 20. Bxd5 Bc6 21. h3 Bxd5 22. Rxd5 Nc4 23. Bf4 Bxb2 24. Rad1 Rad8 25. Ng5 Rf6 26. Bc1 h6 27. Ne4 Re6 28. Nc5 Rg6 29. Ne4 Bxc1 30. Rxc1 b5 31. Nd2 Kc6 32. Rd3 d5 33. Nf3 Re6 34. Nd4+ Kd6 35. Nxe6 Kxe6 36. Rg3 g5 37. Re1+ Kf5 38. Rd3 d4 39. g3 Ne5 40. Rb3 d3 41. Rd1 Ke4 42. Rb4+ Kf3 43. Kf1 Nc4 44. Rb3 Ke4 45. f3+ Ke3 46. f4 gxf4 47. Kg2 f3+ 48. Kf1 Nd2+ 49. Rxd2 Kxd2 50. Kf2 Kc2 51. Rxd3 Rxd3 52. g4 Ra3 53. Kg3 Rxa2 54. Kxf3 Kd3 55. Kf4 Rh2 56. Kf5 Rxh3 57. Kg6 a5 58. g5 a4 59. gxh6 a3 60. h7 Rxh7 61. Kxh7 a2 62. Kg7 a1=Q+ 63. Kg8 Qf6 64. Kh7 Qg5 65. Kh8 Ke4 66. Kh7 Kf5 67. Kh8 Kf6 68. Kh7 Qg7# 0-1


[Site "https://www.chess.com"]

[Event "Titled Tuesday Blitz May 23 Early 2023"]
[White "Semenova, Alina"]
[Black "Ovezdurdyyeva, Jemal"]
[WhiteFideId "24113875"]
[BlackFideId "14001888"]
[WhiteElo "1833"]
[BlackElo "2043"]
[Result "0-1"]
[Round "07"]
[TimeControl "180+2"]
[Date "2023.05.23"]
[WhiteClock "0:00:05"]
[BlackClock "0:00:07"]

1. e4 d6 2. d4 Nf6 3. Nc3 g6 4. f4 c6 5. Nf3 b5 6. a3 a5 7. Be2 Bb7 8. O-O Bg7 9. e5 dxe5 10. dxe5 Nfd7 11. e6 fxe6 12. Ng5 Qb6+ 13. Kh1 Nf8 14. Bg4 c5 15. Qe2 b4 16. axb4 cxb4 17. Qb5+ Nbd7 18. Qxb6 Nxb6 19. Nb5 Nd5 20. Bxe6 Nxe6 21. Nxe6 Kf7 22. Nxg7 Kxg7 23. b3 Kf7 24. f5 Rhc8 25. Nd4 gxf5 26. Rxf5+ Kg6 27. Rg5+ Kf7 28. Bd2 Nf6 29. Raxa5 Rxa5 30. Rxa5 Rd8 31. Be3 Ng4 32. Rf5+ Ke8 33. Bg1 e5 34. Nf3 e4 35. Nd4 e3 36. Rf4 Rxd4 37. Rxd4 e2 38. Rxg4 e1=Q 39. Rg3 Qf1 40. Re3+ Kd7 41. Rg3 Bd5 42. h3 h5 43. Kh2 h4 44. Rg7+ Kc6 45. Rg6+ Kb5 46. Rg5 Kc6 47. Rg6+ Kd7 48. Rg7+ Ke6 49. Rg4 Kf5 50. Be3 Qe2 51. Bc5 Qxc2 52. Bxb4 Qc7+ 53. Kg1 Qc1+ 54. Kh2 Qc2 55. Be1 Qxb3 56. Bxh4 Bf3 57. gxf3 Qc2+ 58. Rg2 Qd3 59. Bg3 Kf6 60. Rf2 Kf5 61. h4 Qe3 62. f4 Kg4 63. Kg2 Qxg3+ 64. Kf1 Kxh4 65. f5 Qg7 66. f6 Qf7 67. Ke2 Kg3 68. Kf1 Qc4+ 69. Kg1 Qc1+ 70. Rf1 Qe3+ 71. Kh1 Qh6+ 72. Kg1 Qh2# 0-1


[Site "https://www.chess.com"]

[Event "Titled Tuesday Blitz May 23 Early 2023"]
[White "Osinovsky, Stepan"]
[Black "Butolo, Alexandru-Mircea"]
[WhiteFideId "4157354"]
[BlackFideId "1261649"]
[WhiteElo "2222"]
[BlackElo "1850"]
[Result "1-0"]
[Round "07"]
[TimeControl "180+2"]
[Date "2023.05.23"]
[WhiteClock "0:00:35"]
[BlackClock "0:00:56"]

1. Nf3 Nf6 2. g3 b5 3. Bg2 Bb7 4. O-O e6 5. d3 Be7 6. e4 O-O 7. Re1 d6 8. a4 b4 9. Nbd2 c5 10. Nc4 Nbd7 11. a5 Re8 12. a6 Bc6 13. Na5 Bb5 14. e5 Nd5 15. exd6 Bxd6 16. Nb7 Qc7 17. Ng5 N7b6 18. Qh5 h6 19. Nxf7 Nf6 20. Nxh6+ gxh6 21. Qg6+ Qg7 22. Qxg7+ Kxg7 23. Nxd6 1-0


[Site "https://www.chess.com"]

[Event "Titled Tuesday Blitz May 23 Early 2023"]
[White "Dwilewicz, Katarzyna"]
[Black "Nithyalakshmi, Sivanesan"]
[WhiteFideId "1148486"]
[BlackFideId "5706955"]
[WhiteElo "2065"]
[BlackElo "1815"]
[Result "1-0"]
[Round "07"]
[TimeControl "180+2"]
[Date "2023.05.23"]
[WhiteClock "0:00:35"]
[BlackClock "0:00:03"]

1. e4 e6 2. Nf3 d5 3. Nc3 d4 4. Ne2 c5 5. d3 Nc6 6. Ng3 Nf6 7. Be2 Bd6 8. O-O Bxg3 9. hxg3 e5 10. c3 Be6 11. cxd4 cxd4 12. Bd2 Qd7 13. b4 Ng4 14. b5 Nd8 15. a4 O-O 16. Ng5 Nf6 17. f4 exf4 18. gxf4 Bg4 19. Bxg4 Nxg4 20. Qf3 h6 21. Nh3 Nf6 22. f5 Re8 23. Kh1 Rc8 24. Rac1 b6 25. g4 Rxc1 26. Bxc1 Nb7 27. g5 hxg5 28. Bxg5 Qd6 29. Bf4 Qd7 30. Rg1 Re7 31. e5 Nd5 32. f6 Nxf4 33. Nxf4 Rxe5 34. Rxg7+ Kf8 35. Rh7 Re1+ 36. Kg2 Kg8 37. Qg3+ Kxh7 38. Qg7# 1-0


[Site "https://www.chess.com"]

[Event "Titled Tuesday Blitz May 23 Early 2023"]
[White "KSho99"]
[Black "Brueckner, Thomas"]
[BlackFideId "4600452"]
[WhiteElo "2160"]
[BlackElo "2322"]
[Result "1-0"]
[Round "07"]
[TimeControl "180+2"]
[Date "2023.05.23"]
[WhiteClock "0:01:03"]
[BlackClock "0:00:13"]

1. Nf3 Nf6 2. b3 g6 3. Bb2 Bg7 4. d4 O-O 5. e3 d6 6. Be2 Nbd7 7. O-O e5 8. dxe5 Ng4 9. c4 dxe5 10. h3 Nh6 11. Nc3 f6 12. Qc2 c6 13. Rfd1 Nf7 14. c5 Qe7 15. Na4 Re8 16. Nd2 f5 17. e4 Nf8 18. Nc4 fxe4 19. Nd6 Nxd6 20. cxd6 Qf7 21. Nc5 Ne6 22. d7 1-0


[Site "https://www.chess.com"]

[Event "Titled Tuesday Blitz May 23 Early 2023"]
[White "Blackwhite017"]
[Black "Jiganchine, Roman"]
[BlackFideId "2603667"]
[WhiteElo "2083"]
[BlackElo "2297"]
[Result "0-1"]
[Round "07"]
[TimeControl "180+2"]
[Date "2023.05.23"]
[WhiteClock "0:00:00"]
[BlackClock "0:01:19"]

1. e4 c6 2. Nf3 d5 3. exd5 cxd5 4. Ne5 Nc6 5. d4 Nxe5 6. dxe5 e6 7. Bd3 Ne7 8. Nd2 Nc6 9. Nf3 Nb4 10. O-O Nxd3 11. Qxd3 Be7 12. Rd1 Bd7 13. c4 Bc6 14. Nd4 O-O 15. Nxc6 bxc6 16. cxd5 cxd5 17. Be3 Qa5 18. a3 a6 19. Rac1 Rfc8 20. g3 Qb5 21. Qxb5 axb5 22. Kf1 h5 23. Ke2 Rc4 24. Rxc4 bxc4 25. Bd4 Kh7 26. f4 Kg6 27. h3 Rb8 28. Kd2 Kf5 29. Rf1 Ke4 30. Bc3 d4 31. Re1+ Kd5 32. Bb4 Bxb4+ 33. axb4 Rxb4 34. Kc2 Rb3 35. Ra1 Rxg3 36. Ra7 f6 37. Rd7+ Ke4 38. exf6 gxf6 0-1


[Site "https://www.chess.com"]

[Event "Titled Tuesday Blitz May 23 Early 2023"]
[White "Zampronha, Wladimir Camilo"]
[Black "Acikel, Mert"]
[WhiteFideId "2103087"]
[BlackFideId "12956465"]
[WhiteElo "2176"]
[BlackElo "2097"]
[Result "1-0"]
[Round "07"]
[TimeControl "180+2"]
[Date "2023.05.23"]
[WhiteClock "0:01:14"]
[BlackClock "0:00:45"]

1. e4 e5 2. Nf3 Nc6 3. d4 exd4 4. Nxd4 Bc5 5. Be3 Qf6 6. c3 Nge7 7. Bc4 b6 8. O-O O-O 9. Nxc6 Qxc6 10. Bxc5 Qxc5 11. Qd4 Bb7 12. Qxc5 bxc5 13. Re1 d6 14. Nd2 Rab8 15. Rad1 Rfe8 16. f3 Nc6 17. Bd5 g6 18. Kf2 Kg7 19. Nc4 Nd8 20. Bxb7 Rxb7 21. Rd2 Nc6 22. b3 h5 23. Red1 Ne5 24. Nxe5 Rxe5 25. Rd5 Rxd5 26. Rxd5 f6 27. f4 Kf7 28. h3 Rb8 29. Kf3 Re8 30. g3 a6 31. Rd1 Rb8 32. Rb1 a5 33. Ke3 Ke6 34. Kd3 a4 35. b4 d5 36. exd5+ Kxd5 37. c4+ Kd6 38. a3 c6 39. bxc5+ Kc7 40. Rxb8 Kxb8 41. Kc3 Kc7 42. Kb4 1-0


[Site "https://www.chess.com"]

[Event "Titled Tuesday Blitz May 23 Early 2023"]
[White "Vargas Rodriguez, Wilver"]
[Black "Peiris, T G M"]
[WhiteFideId "3509672"]
[BlackFideId "9901310"]
[WhiteElo "2246"]
[BlackElo "2022"]
[Result "1-0"]
[Round "07"]
[TimeControl "180+2"]
[Date "2023.05.23"]
[WhiteClock "0:00:11"]
[BlackClock "0:00:00"]

1. Nf3 Nf6 2. d4 e6 3. Bf4 d5 4. e3 Bd6 5. Bg3 O-O 6. Bd3 b6 7. Nbd2 Bb7 8. Ne5 c5 9. c3 Nc6 10. f4 Ne7 11. Bh4 Ne4 12. Bxe4 dxe4 13. Qg4 cxd4 14. cxd4 f5 15. Qe2 Qc7 16. Bxe7 Qxe7 17. O-O a5 18. Rfc1 Bxe5 19. dxe5 Ba6 20. Qf2 Rac8 21. Nb3 Bd3 22. Nd4 Bc4 23. Rc3 Bd5 24. Qd2 Rxc3 25. Qxc3 Qd7 26. Rc1 a4 27. b3 axb3 28. axb3 Ra8 29. Qb4 Rb8 30. Rc3 h6 31. Qa3 Rc8 32. Qc1 Rxc3 33. Qxc3 b5 34. Qb4 Qb7 35. Qxb5 Qxb5 36. Nxb5 Bxb3 37. Nd4 Bd5 38. Kf2 Kf7 39. h3 Ke7 40. g4 g6 41. Kg3 Kf7 42. gxf5 gxf5 43. Kh4 Kg6 44. Nb5 Kf7 45. Nd6+ Ke7 46. Kh5 Kd7 47. Kxh6 Kc6 48. Kg7 Kc5 49. h4 Kb4 50. h5 Kc3 51. h6 Kd3 52. h7 Kxe3 53. h8=Q 1-0


[Site "https://www.chess.com"]

[Event "Titled Tuesday Blitz May 23 Early 2023"]
[White "De Souza, Cristiano Gomes"]
[Black "Singgih, Diajeng Theresa"]
[WhiteFideId "2151758"]
[BlackFideId "7104391"]
[WhiteElo "2068"]
[BlackElo "1891"]
[Result "1-0"]
[Round "07"]
[TimeControl "180+2"]
[Date "2023.05.23"]
[WhiteClock "0:01:56"]
[BlackClock "0:01:21"]

1. d4 d5 2. c4 e6 3. Nf3 Nf6 4. Nc3 Be7 5. Bg5 O-O 6. e3 b6 7. Rc1 Bb7 8. Bxf6 Bxf6 9. cxd5 exd5 10. b4 a6 11. Be2 Nd7 12. O-O c5 13. bxc5 bxc5 14. Rb1 Rb8 15. Qa4 cxd4 16. Nxd4 Nc5 17. Qa3 Ne6 18. Nxe6 fxe6 19. Na4 Be7 20. Nc5 Qd6 21. Rfc1 Bc6 22. Rxb8 Rxb8 23. Qxa6 Qxc5 24. Rxc5 Rb1+ 25. Bf1 Bxc5 26. Qxc6 1-0


[Site "https://www.chess.com"]

[Event "Titled Tuesday Blitz May 23 Early 2023"]
[White "Castillo Pena, Patricia Evarista"]
[Black "lluiss"]
[WhiteFideId "6412106"]
[WhiteElo "1919"]
[BlackElo "2251"]
[Result "0-1"]
[Round "07"]
[TimeControl "180+2"]
[Date "2023.05.23"]
[WhiteClock "0:01:00"]
[BlackClock "0:01:21"]

1. d4 Nf6 2. Nf3 g6 3. Nc3 d5 4. Bf4 Bg7 5. e3 O-O 6. Be2 c5 7. Ne5 Nc6 8. a3 cxd4 9. exd4 Qb6 10. Nxc6 Qxc6 11. O-O a6 12. Na4 b6 13. c4 Bd7 14. Nc3 Rac8 15. Rc1 dxc4 16. d5 Qb7 17. d6 exd6 18. Bxd6 Rfd8 19. Bf3 Bc6 0-1


[Site "https://www.chess.com"]

[Event "Titled Tuesday Blitz May 23 Early 2023"]
[White "Silva Rosas, Natalia"]
[Black "Sokolov, Andrei"]
[WhiteFideId "3000575"]
[BlackFideId "11600306"]
[WhiteElo "1651"]
[BlackElo "2473"]
[Result "0-1"]
[Round "07"]
[TimeControl "180+2"]
[Date "2023.05.23"]
[WhiteClock "0:00:05"]
[BlackClock "0:00:11"]

1. e4 c6 2. d3 d5 3. Nd2 dxe4 4. dxe4 Nf6 5. Ngf3 Bg4 6. h3 Bh5 7. g3 Nbd7 8. Bg2 e6 9. O-O Bc5 10. Re1 O-O 11. c3 Qb6 12. Qe2 Ne5 13. b4 Nxf3+ 14. Nxf3 Bxf3 15. Qxf3 Be7 16. e5 Nd5 17. Bd2 c5 18. a3 cxb4 19. cxb4 Rac8 20. Rac1 Qa6 21. Bf1 Qb6 22. Be3 Nxe3 23. Rxc8 Rxc8 24. Qxe3 Qxe3 25. fxe3 Rc3 26. Kf2 Rxa3 27. Rc1 Bxb4 28. Rc8+ Bf8 29. g4 g6 30. h4 Kg7 31. g5 b6 32. Rc7 Bc5 33. h5 Bxe3+ 34. Kg2 gxh5 35. Bc4 Bxg5 36. Bxe6 Kg6 37. Bxf7+ Kh6 38. e6 Re3 39. Bg8 Kg6 40. Bxh7+ Kf6 41. Bg8 Bf4 42. Rf7+ Kg5 43. Rg7+ Kf5 44. Rf7+ Kg4 45. Rg7+ Bg5 46. e7 Rxe7 47. Rxe7 Bxe7 48. Bc4 a5 49. Bb5 h4 50. Kh2 Bd6+ 51. Kg2 h3+ 52. Kh1 Kg3 53. Ba4 Kf2 54. Bb5 Ke3 55. Ba4 Kd4 56. Bd7 Kc5 57. Bxh3 b5 58. Be6 a4 59. Ba2 b4 60. Kg2 b3 61. Bb1 a3 62. Kf2 a2 63. Bxa2 bxa2 64. Kf3 a1=Q 65. Kg4 Qe5 0-1


[Site "https://www.chess.com"]

[Event "Titled Tuesday Blitz May 23 Early 2023"]
[White "Akylbek2021"]
[Black "Coelho, Ramyres Santana"]
[BlackFideId "2120690"]
[WhiteElo "2458"]
[BlackElo "1888"]
[Result "1-0"]
[Round "07"]
[TimeControl "180+2"]
[Date "2023.05.23"]
[WhiteClock "0:02:26"]
[BlackClock "0:00:00"]

1. d4 Nf6 2. Nc3 d6 3. e4 g6 4. f4 Bg7 5. Nf3 O-O 6. Bd3 c5 7. dxc5 dxc5 8. e5 Nd5 9. Nxd5 Qxd5 10. Qe2 Nc6 11. c3 Bg4 12. Be4 Qd7 13. O-O Bf5 14. Rd1 Qxd1+ 15. Qxd1 Bxe4 16. Qe2 Bf5 17. Be3 b6 18. Rd1 Rfd8 19. a3 Rxd1+ 20. Qxd1 Rd8 21. Qa4 Bd7 22. Qe4 e6 23. b4 cxb4 24. axb4 Ne7 25. Qb7 Nd5 26. Bd4 Be8 27. Ng5 Nxf4 28. Qe7 Rc8 29. Ne4 Ne2+ 30. Kf2 Nxd4 31. cxd4 h5 32. Nd6 Bf8 33. Qb7 Rc2+ 34. Ke3 Bxd6 35. exd6 Bc6 36. Qc8+ Kg7 37. d7 Rc3+ 38. Kd2 1-0


[Site "https://www.chess.com"]

[Event "Titled Tuesday Blitz May 23 Early 2023"]
[White "Martinez, Shawn"]
[Black "Thiel, Thomas"]
[WhiteFideId "2039770"]
[BlackFideId "4615964"]
[WhiteElo "2174"]
[BlackElo "2229"]
[Result "0-1"]
[Round "07"]
[TimeControl "180+2"]
[Date "2023.05.23"]
[WhiteClock "0:00:00"]
[BlackClock "0:00:05"]

1. e4 d5 2. exd5 Nf6 3. d4 Nxd5 4. c4 Nb6 5. Nc3 e5 6. d5 Bb4 7. Bd3 c6 8. dxc6 Nxc6 9. Nf3 O-O 10. O-O Bxc3 11. bxc3 Bg4 12. Re1 Re8 13. h3 Bh5 14. Qe2 Bg6 15. Bxg6 hxg6 16. Ba3 e4 17. Nh2 f5 18. Rad1 Qf6 19. c5 Nc8 20. Qc4+ Qf7 21. Qb5 a6 22. Qa4 N8a7 23. Rd6 Nb5 24. Red1 Nxc3 25. Qc2 Nxd1 26. Qxd1 Rad8 27. Nf1 Qxa2 28. Bc1 Rxd6 29. cxd6 Qe6 30. Bf4 Rd8 31. h4 Ne5 32. Qd4 Nf7 33. Ne3 Nxd6 34. Bg5 Rd7 35. Qc5 Nf7 36. Qc8+ Kh7 37. Bf4 Ne5 38. Qf8 Rf7 39. Qb8 Nd3 40. Bg5 Rd7 41. Qf8 Qf7 42. Qb8 f4 43. Ng4 f3 44. g3 Nc5 45. Ne3 Ne6 46. Qe5 Qf5 0-1


[Site "https://www.chess.com"]

[Event "Titled Tuesday Blitz May 23 Early 2023"]
[White "Hon, Eric"]
[Black "Travadon, Loic"]
[WhiteFideId "2097117"]
[BlackFideId "26092131"]
[WhiteElo "1918"]
[BlackElo "2405"]
[Result "0-1"]
[Round "07"]
[TimeControl "180+2"]
[Date "2023.05.23"]
[WhiteClock "0:00:12"]
[BlackClock "0:00:25"]

1. e4 e5 2. Nf3 Nc6 3. Bc4 Bc5 4. c3 Nf6 5. d3 d6 6. Bb3 a6 7. h3 h6 8. Nbd2 Bb6 9. Nf1 Be6 10. Qe2 Ne7 11. Be3 g5 12. Bxb6 cxb6 13. g4 Ng6 14. Ng3 Nf4 15. Qd2 d5 16. Nxe5 dxe4 17. Bxe6 fxe6 18. dxe4 Qc7 19. Nf3 Rd8 20. Qc2 Nd3+ 21. Kf1 Qf4 22. Kg2 Nxe4 23. Qa4+ b5 24. Qxe4 e5 25. Qxf4 exf4 26. Nf5 Nxb2 27. Rhe1+ Kd7 28. Re7+ Kc8 29. a4 Nxa4 30. N3d4 Nxc3 31. Ne6 Rd7 32. Rxd7 Kxd7 33. Nc5+ Kc6 34. Rc1 Kxc5 35. Rxc3+ Kb4 36. Rc7 a5 37. Rxb7 Rd8 38. Kf3 a4 39. Ke4 a3 40. Nd4 Rxd4+ 41. Kxd4 a2 42. Ra7 Kb3 43. Kd3 b4 44. f3 Kb2 45. Kc4 b3 46. Kb4 Kc2 47. Ra3 a1=Q 48. Rxa1 b2 49. Rf1 b1=Q+ 50. Rxb1 Kxb1 51. Kc4 Kc2 52. Kd4 Kd2 53. Ke4 Ke2 54. Kf5 Kxf3 55. Kg6 Kg3 56. Kxh6 f3 57. h4 f2 58. hxg5 f1=Q 59. g6 Qf8+ 60. Kh7 Kf4 61. g7 Qe7 62. Kh8 Qh4+ 63. Kg8 Ke5 64. Kf8 Qd8+ 65. Kf7 Qd7+ 66. Kf8 Qd6+ 67. Kg8 Kf6 68. Kh8 Qh2+ 69. Kg8 Qh6 70. g5+ Qxg5 71. Kf8 Qxg7+ 0-1


[Site "https://www.chess.com"]

[Event "Titled Tuesday Blitz May 23 Early 2023"]
[White "Floresvillar Gonzalez, Luis Migu"]
[Black "Blokhin, Sofia"]
[WhiteFideId "5100542"]
[BlackFideId "4508190"]
[WhiteElo "2040"]
[BlackElo "1994"]
[Result "1-0"]
[Round "07"]
[TimeControl "180+2"]
[Date "2023.05.23"]
[WhiteClock "0:00:32"]
[BlackClock "0:00:11"]

1. e4 c5 2. d4 cxd4 3. c3 dxc3 4. Nxc3 e6 5. Nf3 Nc6 6. Bd3 d6 7. O-O a6 8. Qe2 Nf6 9. Rd1 Qc7 10. Bf4 e5 11. Bg5 Bg4 12. Bxf6 Nd4 13. Qe3 Bxf3 14. gxf3 gxf6 15. Nd5 Qc8 16. Nxf6+ Ke7 17. Nd5+ Ke8 18. Bf1 Be7 19. Rac1 Rg8+ 20. Kh1 Qd8 21. Nc7+ Kf8 22. Nxa8 Bg5 23. Qa3 Bxc1 24. Rxc1 Qxa8 25. Qxd6+ Ke8 26. Qxe5+ Ne6 27. Bh3 Rg6 28. Bxe6 Rxe6 29. Qh8+ 1-0


[Site "https://www.chess.com"]

[Event "Titled Tuesday Blitz May 23 Early 2023"]
[White "Rose, Felix"]
[Black "dDobravcan"]
[WhiteFideId "5105722"]
[WhiteElo "2039"]
[BlackElo "2128"]
[Result "1-0"]
[Round "07"]
[TimeControl "180+2"]
[Date "2023.05.23"]
[WhiteClock "0:00:05"]
[BlackClock "0:00:56"]

1. d4 d6 2. e4 Nf6 3. Nc3 c6 4. f4 Qa5 5. Bd3 e5 6. Nf3 Nbd7 7. O-O exd4 8. Nxd4 Qb6 9. Be3 Qxb2 10. Qd2 Ng4 11. Rab1 Qa3 12. Ncb5 cxb5 13. Nxb5 Qa4 14. Nc7+ Kd8 15. Nxa8 Nxe3 16. Qxe3 b6 17. Bb5 Qa5 18. Kh1 Be7 19. Bc6 Qc5 20. Qxc5 Nxc5 21. e5 dxe5 22. fxe5 Be6 23. Rbd1+ Kc8 24. c4 Kb8 25. Bd5 Bxd5 26. cxd5 Kxa8 27. d6 Bd8 28. Rxf7 Re8 29. Re1 Nd3 30. Re3 Nxe5 31. d7 Re6 32. Rf8 Kb7 33. Rxd8 Kc7 34. Rc8+ Kxd7 35. Rc1 Ke7 36. Rce1 Kf6 37. g3 g6 38. Kg2 h5 39. h3 b5 40. h4 a5 41. Re4 b4 42. R1e2 Kf5 43. Rf4# 1-0


[Site "https://www.chess.com"]

[Event "Titled Tuesday Blitz May 23 Early 2023"]
[White "Cramling Bellon, Anna"]
[Black "Pg, Mohd Omar Ak Hira"]
[WhiteFideId "32009232"]
[BlackFideId "10500103"]
[WhiteElo "1976"]
[BlackElo "2167"]
[Result "1-0"]
[Round "07"]
[TimeControl "180+2"]
[Date "2023.05.23"]
[WhiteClock "0:00:41"]
[BlackClock "0:01:39"]

1. d4 g6 2. c4 Nf6 3. Nc3 d5 4. cxd5 Nxd5 5. e4 Nxc3 6. bxc3 Bg7 7. Qa4+ Bd7 8. Qa3 O-O 9. Bg5 Re8 10. Nf3 h6 11. Be3 Bf8 12. Bc4 a6 13. Qc1 b5 14. Bxf7+ Kxf7 15. Ne5+ Kg8 16. Bxh6 Kh7 17. Nf7 Qc8 18. Bxf8 Rxf8 19. Qh6+ Kg8 20. Qxg6# 1-0


[Site "https://www.chess.com"]

[Event "Titled Tuesday Blitz May 23 Early 2023"]
[White "Winkels, Marcel"]
[Black "Jimenez Fernandez, Rebeca"]
[WhiteFideId "1003887"]
[BlackFideId "32070934"]
[WhiteElo "1900"]
[BlackElo "2008"]
[Result "0-1"]
[Round "07"]
[TimeControl "180+2"]
[Date "2023.05.23"]
[WhiteClock "0:01:03"]
[BlackClock "0:02:05"]

1. d4 d5 2. Nc3 Nf6 3. Bf4 e6 4. Nb5 Na6 5. e3 c6 6. Nc3 Bd6 7. Bxa6 Bxf4 8. Bxb7 Bxb7 9. exf4 Qd6 10. Qd2 O-O 11. Nf3 c5 12. O-O cxd4 13. Qxd4 Nh5 14. g3 Nf6 15. Na4 Rfc8 16. Qd2 Qc6 17. Nc3 d4 0-1


[Site "https://www.chess.com"]

[Event "Titled Tuesday Blitz May 23 Early 2023"]
[White "Afanasieva, Alexandra"]
[Black "ChesscularGodofchess"]
[WhiteFideId "34126926"]
[WhiteElo "1745"]
[BlackElo "2096"]
[Result "0-1"]
[Round "07"]
[TimeControl "180+2"]
[Date "2023.05.23"]
[WhiteClock "0:00:35"]
[BlackClock "0:00:19"]

1. e4 c5 2. Nf3 e6 3. d4 cxd4 4. Nxd4 Nc6 5. c4 Bb4+ 6. Nc3 Nf6 7. f3 d5 8. cxd5 exd5 9. Nxc6 bxc6 10. e5 Nd7 11. Bf4 Qe7 12. Qe2 d4 13. O-O-O dxc3 14. Qc4 cxb2+ 15. Kxb2 Rb8 16. Ka1 Ba6 17. Qxc6 Qc5 18. Qxd7+ Kf8 19. Bb5 Bc3+ 20. Kb1 Rxb5+ 21. Kc2 Rb2+ 22. Kc1 Bd4# 0-1


[Site "https://www.chess.com"]

[Event "Titled Tuesday Blitz May 23 Early 2023"]
[White "Sanudula, K M Dahamdi"]
[Black "James, Stuart"]
[WhiteFideId "9932470"]
[BlackFideId "7400489"]
[WhiteElo "1556"]
[BlackElo "1950"]
[Result "1-0"]
[Round "07"]
[TimeControl "180+2"]
[Date "2023.05.23"]
[WhiteClock "0:00:28"]
[BlackClock "0:00:23"]

1. d4 Nf6 2. e3 c5 3. Bd3 e6 4. c3 Be7 5. Nd2 O-O 6. f4 Nc6 7. Ngf3 d6 8. e4 e5 9. d5 Na5 10. fxe5 dxe5 11. Nxe5 Bd6 12. Nef3 Re8 13. O-O c4 14. Nxc4 Nxc4 15. Bxc4 Nxe4 16. Be3 Bg4 17. Bd4 Qc7 18. h3 Bxf3 19. Qxf3 Bh2+ 20. Kh1 Ng3+ 21. Kxh2 Nxf1+ 22. Kg1 Qxc4 23. Rxf1 Qc7 24. Qg4 f5 25. Qxf5 Rf8 26. Qe6+ Kh8 27. Re1 Qg3 28. Qe7 Rf7 29. Qxf7 Qxe1+ 30. Kh2 Rg8 31. d6 Qe8 32. Bxg7+ 1-0


[Site "https://www.chess.com"]

[Event "Titled Tuesday Blitz May 23 Early 2023"]
[White "Alhadad, Mahmoud"]
[Black "Hartikainen, Jarmo"]
[WhiteFideId "11501863"]
[BlackFideId "503134"]
[WhiteElo "1955"]
[BlackElo "2086"]
[Result "1-0"]
[Round "07"]
[TimeControl "180+2"]
[Date "2023.05.23"]
[WhiteClock "0:00:16"]
[BlackClock "0:00:00"]

1. e4 c5 2. Nc3 Nc6 3. Bb5 g6 4. Bxc6 dxc6 5. d3 Bg7 6. f4 Nf6 7. Nf3 Bg4 8. O-O O-O 9. h3 Bxf3 10. Qxf3 b6 11. Be3 e6 12. Ne2 Nd7 13. Rab1 a5 14. a4 Qe7 15. c4 Rab8 16. Bd2 Rbd8 17. e5 Nb8 18. Nc3 Na6 19. Ne4 Nb4 20. Bxb4 axb4 21. b3 Rd4 22. Nd6 f6 23. Qxc6 Rxd3 24. Qxb6 fxe5 25. fxe5 Bxe5 26. Ne4 Bd4+ 27. Kh1 Rf5 28. a5 Qh4 29. Qb8+ Kg7 30. Qc7+ Kh6 31. a6 Rxh3+ 32. gxh3 Qxh3+ 33. Qh2 Rxf1+ 34. Rxf1 1-0


[Site "https://www.chess.com"]

[Event "Titled Tuesday Blitz May 23 Early 2023"]
[White "Clawitter, Craig"]
[Black "Saim, Mohamed Ilias"]
[WhiteFideId "2023105"]
[BlackFideId "7900465"]
[WhiteElo "2240"]
[BlackElo "2063"]
[Result "0-1"]
[Round "07"]
[TimeControl "180+2"]
[Date "2023.05.23"]
[WhiteClock "0:00:00"]
[BlackClock "0:00:46"]

1. e4 c6 2. Nf3 d5 3. e5 Bf5 4. d4 e6 5. Be2 Nd7 6. Nbd2 Ne7 7. Nb3 a5 8. a4 Qc7 9. O-O c5 10. dxc5 Nxe5 11. Nxe5 Qxe5 12. Bb5+ Nc6 13. Nd4 Rc8 14. Re1 Qf6 15. Be3 Be7 16. Qf3 Be4 17. Qg3 O-O 18. Rad1 Qg6 19. f3 Qxg3 20. hxg3 Nxd4 21. Bxd4 Bxc2 22. Rc1 Bg6 23. g4 Bf6 24. Bxf6 gxf6 25. c6 bxc6 26. Rxc6 Rxc6 27. Bxc6 Rc8 28. Rc1 Bd3 29. Kf2 Ba6 30. Rc3 Rc7 31. Ke3 Bb7 32. Bxb7 Rxb7 33. b3 Kg7 34. Kd3 Kg6 35. Kc2 f5 36. gxf5+ Kxf5 37. Rc5 Ra7 38. Rb5 h5 39. Kd3 f6 40. Kd4 Kf4 41. Kc5 Kg3 42. Kb6 Ra8 43. Kb7 Rh8 44. Rxa5 Kxg2 45. Ra6 h4 46. Rxe6 h3 47. Rxf6 h2 48. Rg6+ Kxf3 49. Rf6+ Kg2 50. Rg6+ Kf2 51. Rf6+ Ke2 52. Re6+ Kd2 0-1


[Site "https://www.chess.com"]

[Event "Titled Tuesday Blitz May 23 Early 2023"]
[White "Martin, Lewis"]
[Black "Vargas, Mauricio"]
[WhiteFideId "410551"]
[BlackFideId "4404572"]
[WhiteElo "2145"]
[BlackElo "1986"]
[Result "1-0"]
[Round "07"]
[TimeControl "180+2"]
[Date "2023.05.23"]
[WhiteClock "0:01:48"]
[BlackClock "0:00:00"]

1. e4 c5 2. Nf3 d6 3. d4 cxd4 4. Nxd4 Nf6 5. Nc3 g6 6. Bc4 Bg7 7. Be3 O-O 8. f3 h6 9. Qd2 Kh7 10. O-O-O Bd7 11. g4 Nc6 12. h4 Ne5 13. Bb3 Rc8 14. g5 Nh5 15. gxh6 Bf6 16. Bg5 Rxc3 17. Qxc3 Qb6 18. f4 Ng4 19. Bxf6 Ngxf6 20. e5 Ne4 21. Qf3 Bf5 22. Nxf5 gxf5 23. Qxh5 Qe3+ 24. Kb1 Nd2+ 25. Ka1 Nxb3+ 26. axb3 Qxf4 27. exd6 exd6 28. Qg5 Rg8 29. Qxf4 1-0


[Site "https://www.chess.com"]